 Dungeon Crawl Stone Soup version 0.27-a0-58-g0ec5f8ab93 (webtiles) character file.

Game seed: 14057974896583497870

27625 Morbidden the Slinger (level 13, 0/69 HPs)
             Began as a Vine Stalker Monk on Jan 8, 2021.
             Was a High Priest of Vehumet.
             Slain by a seven-headed hydra (12 damage)
             ... on level 8 of the Dungeon.
             The game lasted 00:31:06 (12003 turns).

Morbidden the Slinger (Vine Stalker Monk)          Turns: 12003, Time: 00:31:07

Health: 0/69       AC: 11    Str: 14    XL:     13   Next: 33%
Magic:  0/35       EV: 13    Int: 20    God:    Vehumet [*****.]
Gold:   737        SH: 16    Dex: 18    Spells: 22/28 levels left

rFire    . . .     SeeInvis +   b - +9 hunting sling "Cijeshra" {venom, rElec MP+9}
rCold    . . .     Faith    .   p - +1 tower shield
rNeg     . . .     Spirit   +   u - +2 troll leather armour
rPois    .         Reflect  .   v - +0 helmet
rElec    +         Harm     .   (no cloak)
rCorr    .         Rampage  .   h - +0 pair of gloves
Will     +....                  q - +2 pair of boots
Stlth    +++.......             x - amulet of magic regeneration
HPRegen  1.41/turn              c - ring of see invisible
MPRegen  0.49/turn              F - +6 ring of intelligence

@: very slightly contaminated
A: fangs 3, regeneration 2, magic shield, antimagic bite, no potion heal 3
a: Renounce Religion


You were on level 8 of the Dungeon.
You worshipped Vehumet.
Vehumet was extremely pleased with you.
You visited 2 branches of the dungeon, and saw 14 of its levels.

You collected 977 gold pieces.
You spent 240 gold pieces at shops.

Inventory:

Hand Weapons
 a - a +4 vorpal long sword
 b - the +9 hunting sling "Cijeshra" (weapon) {venom, rElec MP+9}
   (You bought it in a shop on level 7 of the Dungeon)

   It poisons the ammo it fires.
   It insulates you from electricity.
   It affects your magic capacity (+9).
 B - the +5 spear of Gluttony {vamp, Dex+3}
   (You found it on level 4 of the Dungeon)

   It inflicts no extra harm, but heals its wielder when it wounds a living foe.
   It affects your dexterity (+3).
Missiles
 n - 97 stones (quivered ammo)
 C - 21 javelins
 N - 27 boomerangs
Armour
 h - a +0 pair of gloves (worn)
 p - a +1 tower shield (worn)
 q - a +2 pair of boots (worn)
 u - a +2 troll leather armour (worn)
 v - a +0 helmet (worn)
Jewellery
 c - a ring of see invisible (left hand)
 l - an uncursed ring of resist corrosion
 x - an amulet of magic regeneration (around neck)
 F - a +6 ring of intelligence (right hand)
 H - an uncursed ring of stealth
 J - an uncursed ring of poison resistance
Wands
 r - a wand of iceblast (30)
 t - a wand of digging (9)
 z - a wand of flame (32)
 K - a wand of random effects (20)
Scrolls
 f - 4 scrolls of amnesia
 i - 2 scrolls of noise
 j - 6 scrolls of identify
 m - 5 scrolls of remove curse
 s - 3 scrolls of blinking {unknown}
 y - 4 scrolls of enchant weapon {unknown}
 A - 3 scrolls of immolation {unknown}
 M - 2 scrolls of acquirement {unknown}
 Q - a scroll of holy word {unknown}
 S - a scroll of vulnerability {unknown}
 T - a scroll of teleportation
Potions
 d - 8 potions of curing
 e - 2 potions of flight {unknown}
 g - 2 potions of haste {unknown}
 k - a potion of brilliance {unknown}
 o - 4 potions of heal wounds {unknown}
 w - 5 potions of magic {unknown}
 D - 3 potions of cancellation {unknown}
 E - a potion of ambrosia {unknown}
 G - 3 potions of lignification {unknown}
 I - a potion of might
 L - a potion of attraction {unknown}
 P - a potion of experience {unknown}
 R - 2 potions of mutation {unknown}
Miscellaneous
 O - a tin of tremorstones (inert)
 U - a condenser vane (inert)


   Skills:
 * Level 8.7 Fighting
 + Level 6.4 Long Blades
 + Level 0.9 Polearms
 + Level 8.8(8.9) Slings
 + Level 1.0(5.6) Throwing
 + Level 0.8 Armour
 * Level 6.5 Dodging
 + Level 4.3 Stealth
 * Level 7.5 Shields
 * Level 8.1 Spellcasting
 + Level 6.0 Conjurations
 * Level 7.4 Air Magic
 + Level 0.4 Evocations


You had 22 spell levels left.
You knew the following spells:

 Your Spells              Type           Power        Failure   Level
a - Airstrike             Air            18%          13%         4
b - Searing Ray           Conj           64%          3%          2

Your spell library contained the following spells:

 Spells                   Type           Power        Failure   Level
 Freezing Cloud           Conj/Ice/Air   13%          99%         6
 Shock                    Conj/Air       100%         1%          1
 Static Discharge         Conj/Air       35%          5%          3
 Swiftness                Air            37%          8%          2
 Freeze                   Ice            32%          26%         1
 Lightning Bolt           Conj/Air       17%          41%         5
 Iskenderun's Battlesphe  Conj           32%          50%         5
 Hailstorm                Conj/Ice       20%          56%         4
 Frozen Ramparts          Ice            16%          58%         3
 Inner Flame              Hex/Fire       8%           58%         3
 Corona                   Hex            8%           71%         1
 Passwall                 Tmut/Erth      6%           83%         2
 Slow                     Hex            8%           83%         2
 Bolt of Magma            Conj/Fire/Erth 8%           95%         5
 Ozocubu's Armour         Ice            8%           97%         3
 Portal Projectile        Hex/Tloc       16%          97%         3
 Lee's Rapid Deconstruct  Erth           4%           99%         5
 Cause Fear               Hex            4%           100%        4
 Leda's Liquefaction      Hex/Erth       4%           100%        4
 Passage of Golubria      Tloc           N/A          100%        4
 Summon Ice Beast         Ice/Summ       8%           100%        4
 Invisibility             Hex            8%           100%        6
 Iron Shot                Conj/Erth      10%          100%        6
 Orb of Destruction       Conj           16%          100%        7
 Spellforged Servitor     Conj/Summ      10%          100%        7


Dungeon Overview and Level Annotations

Branches:
Dungeon (13/15)            Temple (0/1) D:6            Lair (1/6) D:8
    Orc (0/2) D:10         Vaults (0/5) D:13

Altars:
Ashenzari
Elyvilon
Hepliaklqana
Kikubaaqudgha
Nemelex Xobeh
Okawaru
Sif Muna
Uskayaw
Vehumet
Wu Jian
The Shining One
Beogh

Shops:
D:4 }[   D:7 (   D:9 *

Annotations:
D:12 Josephine, Maurice


Innate Abilities, Weirdness & Mutations

You have razor-sharp teeth.
You heal very quickly.
When hurt, damage is shared between your health and your magic reserves.
Your bite disrupts and absorbs the magic of your enemies.
Potions cannot restore your health.


Message History

Unknown command.
Unknown command.
Unknown command.
Unknown command.
Casting: Airstrike (dangerous; 13% risk of failure)
Confirm with . or Enter, or press ? or * to list all spells.
Aiming: Airstrike (dangerous; 13% risk of failure)
Press: ? - help, Dir - move target, f - seven-headed hydra
Aim: a seven-headed hydra (heavily wounded)
The air twists around and strikes the seven-headed hydra!
The seven-headed hydra is heavily wounded.
You block the seven-headed hydra's attack.
The seven-headed hydra bites you.
* * * LOW HITPOINT WARNING * * *
You block the seven-headed hydra's attack.
The seven-headed hydra bites you.
* * * LOW HITPOINT WARNING * * *
You block the seven-headed hydra's attack.
The seven-headed hydra bites you!
You die...

.♣♣)..♣♣...♣♣♣♣.♣♣#.###########
###...#############......#....#
.....................###.#.##.#
.......#############.# #.#.##.#
######.# ###########.###.#.##.#
#.###...............#.##.#
#..##.#####.###.#####.##.##
##.##.# #D# #.#........)#
#..#.# #@# #.#.###.##### ##.#.#
### #.#.#<#.##.# #...#
#.#.#.#.##.# ##..# #.#.#......#
#.># #.#.###.##.# ##.#
#.#.#...##.# #.# #.#.#.####.#
#.# #.#.#.# #.# #.# #.#.#.# #.#


You could see a seven-headed hydra.

Vanquished Creatures
  An orc warlord (D:7)
  An ogre mage (D:13)
  A centaur warrior (D:13)
  A boulder beetle (D:12)
  9 two-headed ogres
  A tengu warrior (D:13)
  Nergalle (D:11)
  2 orc knights (D:7)
  2 ugly things (D:11)
  A deep elf mage (D:12)
  2 cyclopes
  A centaur zombie (D:13)
  A gargoyle (D:12)
  A tengu conjurer (D:13)
  3 trolls
  Grinder (D:3)
  A meliai zombie (D:12)
  11 yaks
  A shadow (D:11)
  8 vampire mosquitoes (D:13)
  Grum (D:8)
  18 wargs
  An acid dragon (D:12)
  A soldier ant (D:13)
  A water moccasin (Lair:1)
  19 orc warriors
  3 black bears
  6 ice beasts
  5 ogres
  2 centaurs
  3 wolves (D:8)
  Blork the orc (D:5)
  A big kobold (D:11)
  6 bullfrogs
  A gnoll sergeant (D:8)
  A wyvern skeleton (D:10)
  18 killer bees
  3 scorpions
  7 howler monkeys
  5 wights (D:13)
  6 bullfrog zombies
  A quasit (D:6)
  A bullfrog skeleton (D:6)
  4 hounds
  A jelly (D:7)
  10 orc priests
  14 orc wizards
  2 centaur skeletons
  6 iguanas
  4 worker ants
  A hound skeleton (D:7)
  Robin (D:3)
  A howler monkey zombie (D:6)
  16 adders
  7 gnolls
  2 howler monkey skeletons
  2 white imps (D:7)
  3 ufetubi
  3 oozes
  An adder zombie (D:8)
  2 adder skeletons
  A worm (D:3)
  A dart slug (D:1)
  4 leopard geckos
  82 orcs
  6 giant cockroaches
  10 goblins
  9 hobgoblins
  8 jackals
  14 kobolds
  4 quokkas
  6 bats
  8 frilled lizards
  A goblin skeleton (D:6)
  A hobgoblin zombie (D:6)
  2 kobold skeletons (D:6)
  A kobold zombie (D:6)
  A leopard gecko skeleton (D:7)
  A leopard gecko zombie (D:7)
  An orc zombie (D:6)
  A quokka skeleton (D:4)
  A quokka zombie (D:5)
  6 rats
410 creatures vanquished.

Vanquished Creatures (others)
  A bush (D:12)
  12 plants
13 creatures vanquished.

Grand Total: 423 creatures vanquished

Notes
Turn   | Place    | Note
-------+----------+-------------------------------------------
     0 | D:1      | Morbidden the Vine Stalker Monk began the quest for the
                  | Orb.
     0 | D:1      | Reached XP level 1. HP: 11/11 MP: 2/2
    78 | D:1      | Reached XP level 2. HP: 16/16 MP: 3/3
   499 | D:1      | Reached XP level 3. HP: 19/19 MP: 4/4
  1415 | D:2      | Gained mutation: Your natural rate of healing is unusually
                  | fast. [Vine Stalker growth]
  1415 | D:2      | Reached XP level 4. HP: 23/24 MP: 5/5
  1701 | D:3      | Noticed Robin
  1861 | D:3      | Killed Robin
  1867 | D:3      | Reached skill level 1 in Spellcasting
  2041 | D:3      | Noticed Grinder
  2055 | D:3      | Paralysed by Grinder for 4 turns
  2062 | D:3      | Killed Grinder
  2063 | D:3      | Reached skill level 1 in Slings
  2063 | D:3      | Reached XP level 5. HP: 20/28 MP: 5/9
  2063 | D:3      | Reached XP level 6. HP: 23/32 MP: 5/10
  2138 | D:3      | Found an ornate altar of the Wu Jian Council.
  2138 | D:3      | Found a white marble altar of Elyvilon.
  2251 | D:3      | Reached skill level 1 in Shields
  2300 | D:3      | Found a radiant altar of Vehumet.
  2305 | D:3      | Became a worshipper of Vehumet
  2305 | D:3      | Reached * piety under Vehumet
  2305 | D:3      | Offered knowledge of Shock by Vehumet.
  2305 | D:3      | Reached ** piety under Vehumet
  2353 | D:3      | Learned a level 1 spell: Shock
  2396 | D:3      | Offered knowledge of Searing Ray by Vehumet.
  2427 | D:3      | Learned a level 2 spell: Searing Ray
  2606 | D:4      | Reached XP level 7. HP: 37/37 MP: 11/11
  2647 | D:4      | Found a shimmering blue altar of Sif Muna.
  2676 | D:4      | Found Ageneec's Gadget Boutique.
  2697 | D:4      | Reached skill level 1 in Air Magic
  2717 | D:4      | Found Ipenaxef's Armour Shoppe.
  2738 | D:4      | Reached skill level 1 in Conjurations
  2781 | D:4      | Identified the +5 spear of Gluttony {vamp, Dex+3} (You
                  | found it on level 4 of the Dungeon)
  3334 | D:5      | Entered Level 5 of the Dungeon
  3438 | D:5      | Noticed Blork the orc
  3450 | D:5      | Killed Blork the orc
  3891 | D:5      | Gained mutation: You have razor-sharp teeth. [Vine Stalker
                  | growth]
  3891 | D:5      | Reached XP level 8. HP: 42/42 MP: 13/13
  4231 | D:6      | Found a broken altar of Ashenzari.
  4259 | D:6      | Found a glowing golden altar of the Shining One.
  4268 | D:6      | Offered knowledge of Dazzling Flash by Vehumet.
  4613 | D:6      | Found a hazy altar of Hepliaklqana.
  4791 | D:6      | Found a staircase to the Ecumenical Temple.
  4908 | D:7      | Reached *** piety under Vehumet
  4991 | D:7      | Found Linigg's Antique Weapon Boutique.
  5014 | D:7      | Reached skill level 5 in Long Blades
  5037 | D:7      | Bought a fine hunting sling for 240 gold pieces
  5037 | D:7      | Identified the +9 hunting sling "Cijeshra" {venom, rElec
                  | MP+9} (You bought it in a shop on level 7 of the Dungeon)
  5137 | D:7      | Offered knowledge of Fulminant Prism by Vehumet.
  5143 | D:7      | Reached XP level 9. HP: 44/46 MP: 15/15
  5168 | D:7      | Reached skill level 5 in Fighting
  5411 | D:7      | Noticed an orc knight
  5527 | D:7      | Reached **** piety under Vehumet
  5592 | D:7      | Killed an orc knight
  5593 | D:7      | Reached XP level 10. HP: 53/53 MP: 18/18
  5619 | D:7      | Reached skill level 5 in Spellcasting
  5668 | D:7      | Noticed an orc warlord
  5683 | D:7      | Offered knowledge of Fireball by Vehumet.
  5736 | D:7      | Killed an orc warlord
  5737 | D:7      | Reached skill level 5 in Slings
  5869 | D:7      | Noticed an orc knight
  5917 | D:7      | Killed an orc knight
  6193 | D:7      | Found a hide-covered altar of Uskayaw.
  6713 | D:8      | Reached skill level 5 in Air Magic
  6765 | D:8      | Found a staircase to the Lair.
  6922 | D:8      | Noticed a two-headed ogre
  6934 | D:8      | Killed a two-headed ogre
  6935 | D:8      | Reached XP level 11. HP: 58/58 MP: 20/20
  6985 | D:8      | Reached skill level 5 in Shields
  7053 | D:8      | Noticed a two-headed ogre
  7054 | D:8      | Reached ***** piety under Vehumet
  7058 | D:8      | Killed a two-headed ogre
  7059 | D:8      | Reached skill level 5 in Conjurations
  7449 | D:8      | Offered knowledge of Bolt of Magma by Vehumet.
  7546 | D:8      | Noticed a two-headed ogre
  7553 | D:8      | Killed a two-headed ogre
  7625 | D:8      | Noticed Grum
  7644 | D:8      | Killed Grum
  8158 | D:9      | Noticed a two-headed ogre
  8167 | D:9      | Killed a two-headed ogre
  8369 | D:9      | Found an ancient bone altar of Kikubaaqudgha.
  8382 | D:9      | Noticed a two-headed ogre
  8388 | D:9      | Reached skill level 5 in Dodging
  8419 | D:9      | Killed a two-headed ogre
  8494 | D:9      | Found Xumuem's Assorted Antiques.
  8586 | D:9      | Found an iron altar of Okawaru.
  8745 | D:9      | Found a sparkling altar of Nemelex Xobeh.
  8857 | D:10     | Entered Level 10 of the Dungeon
  8857 | D:10     | Found a staircase to the Orcish Mines.
  9045 | D:10     | Gained mutation: You heal very quickly. [Vine Stalker
                  | growth]
  9045 | D:10     | Reached XP level 12. HP: 57/63 MP: 22/22
  9270 | D:10     | You fall into a shaft and drop 3 floors!
  9271 | D:13     | Noticed a two-headed ogre
  9271 | D:13     | Noticed a two-headed ogre
  9271 | D:13     | Noticed an ogre mage
  9288 | D:13     | Killed a two-headed ogre
  9290 | D:13     | Killed a two-headed ogre
  9296 | D:13     | Killed an ogre mage
  9330 | D:13     | Found a gate to the Vaults.
  9551 | D:13     | Noticed a vampire knight
  9556 | D:13     | Noticed a centaur warrior
  9559 | D:13     | Noticed a vampire knight
  9594 | D:13     | Learned a level 4 spell: Airstrike
  9615 | D:13     | Noticed a two-headed ogre
  9624 | D:13     | Killed a two-headed ogre
  9668 | D:13     | Noticed a tengu warrior
  9674 | D:13     | Noticed a two-headed ogre
  9676 | D:13     | Killed a tengu warrior
  9693 | D:13     | Killed a two-headed ogre
  9907 | D:13     | Paralysed by a vampire knight for 5 turns
  9969 | D:13     | Killed a centaur warrior
 10240 | D:12     | Offered knowledge of Freezing Cloud by Vehumet.
 10300 | D:12     | Reached skill level 1 in Throwing
 10300 | D:12     | Reached XP level 13. HP: 56/69 MP: 23/25
 10418 | D:12     | Noticed Josephine
 10422 | D:12     | Noticed Maurice
 10819 | D:11     | Noticed Nergalle
 10865 | D:11     | Killed Nergalle
 11522 | D:10     | Found a roughly hewn altar of Beogh.
 11988 | Lair:1   | Entered Level 1 of the Lair of Beasts
 12003 | D:8      | Slain by a seven-headed hydra

Illustrated notes

Levels and vault maps discovered:
D:1:      roderic_dead_forest, layout_basic, minmay_pentomino_o2
D:2:      layout_loops_ring
D:3:      layout_basic, overflow_temple_1_default,
          gammafunk_temple_overflow_wave, uniq_grinder, uniq_robin
D:4:      layout_cave_pods, serial_shops, shop, shop, lemuel_blue_sif_altar
D:5:      layout_gridville, chequers_serial_rivers_small_3, nrook_mini_vaults,
          uniq_blork_the_orc
D:6:      layout_basic, kennysheep_little_box, nicolae_tso_besieged_by_evil,
          nzn_hepliaklqana_mist_gate, minmay_temple_entry_drinking_statues,
          roderic_serpentine_path, nrook_uturn, chequers_jeans
D:7:      lemuel_castle_with_subvaults [lemuel_castle_interior_carwin_1],
          layout_basic, nicolae_overflow_hidden_temple, serial_shops, shop,
          minmay_misc_feat_doors
D:8:      nzn_winding_woodlands_medium [nzn_winding_woodlands_5x5_closed_star,
          nzn_winding_woodlands_5x15_zeroes,
          nzn_winding_woodlands_5x5_checkerboard,
          nzn_winding_woodlands_5x5_cross, nzn_winding_woodlands_center_garden,
          nzn_winding_woodlands_5x5_default,
          nzn_winding_woodlands_5x5_open_star,
          nzn_winding_woodlands_5x15_pockets,
          nzn_winding_woodlands_5x5_perimeter], layout_basic, lair_entry_dummy,
          serial_glass, glass_columns_a, glass_columns_c, uniq_grum
D:9:      layout_cave_pools, okawaru_gym_becter, general_overflow_altar,
          old_standard_altar, serial_shops, nicolae_shop_overgrown_old_shop,
          dk_noncrumbling_4
D:10:     layout_gridville, minmay_orc_entry_temple_large, nooodl_orcs_dogs
D:11:     layout_loops_corners, uniq_nergalle
D:12:     minmay_klotski, layout_loops_ring, uniq_maurice, uniq_josephine
D:13:     layout_roguey, david_vaults_2, minmay_guarded_unrand_vampires_tooth
Lair:1:   layout_hall_layers, portal_ice_cave_rime, uniq_gastronok

Skill      XL: |  1  2  3  4  5  6  7  8  9 10 11 12 13 |
---------------+----------------------------------------+-----
Long Blades    | 3 4 5 6 |  6.4
Fighting       | 3 4 6 7 8 |  8.7
Stealth        | 3 4 |  4.3
Spellcasting   | 2 3 4 5 6 7 8 |  8.1
Dodging        | 3 4 5 6 |  6.5
Slings         | 1 2 4 6 7 8 |  8.8
Shields        | 1 2 4 5 7 |  7.5
Air Magic      | 1 3 4 5 6 7 |  7.4
Conjurations   | 1 2 4 5 6 |  6.0
Throwing       | 1 |  1.0
Polearms       | |  0.9
Armour         | |  0.8
Evocations     | |  0.4

Action                   |  1- 3 |  4- 6 |  7- 9 | 10-12 | 13-15 || total
-------------------------+-------+-------+-------+-------+-------++-------
Melee: Falchion          |    92 |    96 |    44 |       |       ||   232
       Bite              |    29 |    24 |    64 |    33 |    52 ||   202
       Spear             |       |       |    36 |       |       ||    36
       Long sword        |       |       |   109 |    77 |   139 ||   325
 Fire: Hunting sling     |       |    40 |    91 |   489 |   116 ||   736
Throw: Javelin           |       |       |       |    20 |       ||    20
 Cast: Searing Ray       |       |       |       |    17 |       ||    17
       Shock             |       |       |       |     3 |       ||     3
       Airstrike         |       |       |       |     3 |     9 ||    12
Evoke: Wand              |       |     5 |       |     1 |       ||     6
       Tin of tremorston |       |       |       |     2 |       ||     2
       Condenser vane    |       |       |       |       |     1 ||     1
  Use: Scroll            |     1 |     1 |     1 |    15 |     1 ||    19
       Potion            |       |       |       |       |     1 ||     1
 Stab: Sleeping          |    11 |     1 |     9 |       |       ||    21
       Distracted        |       |       |     1 |     1 |       ||     2
Armor: Robe              |    18 |    38 |    49 |    11 |       ||   116
       Animal skin       |       |       |       |    30 |       ||    30
       Troll leather arm |       |       |       |     7 |    50 ||    57
Dodge: Dodged            |    72 |    40 |    77 |   107 |    94 ||   390
Block: Tower shield      |     4 |    83 |   147 |   234 |   206 ||   674
       Rpst.: Falchion   |    27 |     9 |     2 |       |       ||    38
       Long sword        |       |       |    15 |     6 |    16 ||    37

Table legend: (Time is in decaauts)
 A = Elapsed time spent in this place.
 B = Non-inter-level travel time spent in this place.
 C = Inter-level travel time spent in this place.
 D = Time resting spent in this place.
 E = Time spent auto-exploring this place.
 F = Levels seen in this place.
 G = Mean time per level.
                   A        B        C        D        E       F      G
               +--------+--------+--------+--------+--------+-----+--------+
         Total |  12159 |  11768 |    391 |    184 |   8197 |  14 |  868.5 |
       Dungeon |  12146 |  11755 |    391 |    184 |   8197 |  13 |  934.3 |
          Lair |     13 |     13 |      0 |      0 |      0 |   1 |   13.0 |
               +--------+--------+--------+--------+--------+-----+--------+

Top non-repeatable levels by time:
     D:7: 1782 daAuts
     D:8: 1564 daAuts
     D:2: 994 daAuts
    D:11: 957 daAuts
     D:5: 935 daAuts
     D:4: 890 daAuts
    D:10: 889 daAuts
     D:9: 846 daAuts
     D:1: 830 daAuts
    D:13: 696 daAuts
     D:3: 682 daAuts
     D:6: 606 daAuts
    D:12: 471 daAuts
  Lair:1: 13 daAuts
